 Seeded DCSS version 0.29.1 (webtiles) character file.

Game seed: 9708579739092153053 (custom seed)

27 GigaChad the Conjurer (level 2, -1/15 HPs)
             Began as a Deep Elf Conjurer on Sept 14, 2022.
             Succumbed to an adder's poison
             ... on level 3 of the Dungeon.
             The game lasted 00:03:34 (992 turns).

GigaChad the Conjurer (Deep Elf Conjurer)            Turns: 992, Time: 00:03:35

Health: -1/15      AC:  2    Str:  6    XL:     2   Next: 93%
Magic:  3/9        EV: 12    Int: 22    God:
Gold:   58         SH:  0    Dex: 13    Spells: 8/9 levels left

rFire   . . .      SeeInvis .   g - +7 mace of the Maze {spect, rPois Will+ Str+2}
rCold   . . .      Faith    .   (no shield)
rNeg    . . .      Spirit   .   a - +0 robe
rPois   +          Reflect  .   (no helmet)
rElec   .          Harm     .   (no cloak)
rCorr   .          Rampage  .   (no gloves)
Will    +....                   (no boots)
Stlth   ++........              (no amulet)
HPRegen 0.05/turn               (no ring)
MPRegen 0.11/turn               (no ring)

@: lethally poisoned (-1 -> -8)
A: no striking features
a: no special abilities


You were on level 3 of the Dungeon.
You visited 1 branch of the dungeon, and saw 3 of its levels.

You collected 58 gold pieces.

Inventory:

Hand Weapons
 g - the +7 mace of the Maze (weapon) {spect, rPois Will+ Str+2}
   (You found it on level 2 of the Dungeon)

   When its wielder attacks, the weapon's spirit leaps out and strikes again.
   The spirit shares a part of any damage it takes with its wielder.
   Str:       It affects your strength (+2).
   rPois:     It protects you from poison.
   Will:      It increases your willpower.
Armour
 a - a +0 robe (worn)
Scrolls
 c - a scroll of blinking {unknown}
 e - a scroll of butterflies {unknown}
Potions
 b - a potion of magic
 d - a potion of curing {unknown}


   Skills:
 - Level 2.4 Dodging
 - Level 2.4 Stealth
 + Level 4.0 Spellcasting
 - Level 5.0 Conjurations


You had 8 spell levels left.
You knew the following spells:

 Your Spells              Type           Power      Damage    Failure   Level
a - Magic Dart            Conj           100%       1d8       1%          1

Your spell library contained the following spells:

 Spells                   Type           Power      Damage    Failure   Level
 Searing Ray              Conj           52%        2d6       2%          2
 Dazzling Flash           Conj/Hex       30%        N/A       12%         3
 Fulminant Prism          Conj/Hex       7%         3d7       36%         4
 Iskenderun's Mystic Bla  Conj/Tloc      15%        2d5       36%         4


Dungeon Overview and Level Annotations

Branches:
Dungeon (3/15)

Altars:


Message History

The magic dart hits the endoplasm.
The endoplasm is heavily wounded.
The ball python hisses angrily.
The endoplasm freezes you.
You are frozen.
The magic dart hits the endoplasm.
You kill the endoplasm!
The adder hisses angrily.
Your Spellcasting skill increases to level 4!
The magic dart hits the adder.
The adder is heavily wounded.
The adder misses you.
The magic dart hits the adder.
The adder is heavily wounded.
The adder bites you but does no damage. The ball python closely misses you.
The ball python grabs you. The ball python constricts you. The adder bites you.
The magic dart hits the ball python.
The ball python is heavily wounded.
The adder bites you but does no damage. The ball python barely misses you.
The ball python constricts you. The adder barely misses you.
You escape the ball python's grasp.
The adder attacks as you move away! The adder bites you.
You are too injured to fight recklessly!
You are too injured to fight recklessly!
You are too injured to fight recklessly!
You barely miss the adder.
The adder is heavily wounded.
The adder barely misses you. The adder closely misses you.
You miss the adder.
The adder is heavily wounded.
The adder bites you. x2
You closely miss the adder.
The adder is heavily wounded.
The adder completely misses you. The adder bites you.
* * * LOW HITPOINT WARNING * * *
You are lethally poisoned!
The adder poisons you!
You hit the adder.
You kill the adder!
You die...

#.........#
#.$.......#
.#.........#
...........#
#.........####
#.............
#.....SS..# ##.
#.# #...###@#
#.#...#.#######
#..............
#####.#.####(##
#.#...# .#
####.#.#.##.##
#........#...##
#.##.#..........
#.##..#...###


You could see an adder and a ball python.

Vanquished Creatures
  2 adders (D:3)
  3 bats
  3 endoplasms
  A goblin (D:1)
  A hobgoblin (D:1)
  4 jackals (D:2)
  A quokka (D:1)
  A kobold (D:2)
16 creatures vanquished.

Notes
Turn   | Place    | Note
-------+----------+-------------------------------------------
     0 | D:1      | GigaChad the Deep Elf Conjurer began the quest for the Orb.
     0 | D:1      | Reached XP level 1. HP: 10/10 MP: 6/6
   322 | D:1      | Reached XP level 2. HP: 15/15 MP: 5/8
   363 | D:1      | Found a faded altar of an unknown god.
   462 | D:2      | Reached skill level 5 in Conjurations
   675 | D:2      | Identified the +7 mace of the Maze {spect, rPois Will+
                  | Str+2}
   992 | D:3      | Succumbed to an adder's poison

Illustrated notes

Levels and vault maps discovered:
D:1:      matt_arrival_spirals, layout_loops_ring,
          chequers_ecumenical_altar_island, chequers_serial_rivers_room_b,
          minmay_misc_feat_nine_boxes
D:2:      layout_basic, chequers_serial_rivers_small_3
D:3:      layout_loops_ring

Skill      XL: |  1  2 |
---------------+-------+-----
Conjurations   | 5 |  5.0
Spellcasting   | 4 |  4.0
Dodging        | |  2.4
Stealth        | |  2.4

Action                   || total
-------------------------++-------
Melee: Mace              ||     4
 Cast: Magic Dart        ||    31
  Use: Scroll            ||     1
Armor: Robe              ||     2
Dodge: Dodged            ||    14
